 Dungeon Crawl Stone Soup version 0.25-a0-317-g5f8687bca5 (webtiles) character file.

Game seed: 7207242001983514494, levelgen mode: deterministic

76800 Fingolfin the Cruncher (level 16, -5/114 HPs)
             Began as a Halfling Berserker on Dec 26, 2019.
             Was an Elder of Trog.
             Slain by Agnes
             ... wielding a +0 lajatang of protection
              (14 damage)
             ... on level 1 of the Elven Halls.
             The game lasted 01:12:15 (20748 turns).

Fingolfin the Cruncher (Halfling Berserker)        Turns: 20748, Time: 01:12:15

Health: -5/114     AC: 17    Str: 23    XL:     16   Next: 3%
Magic:  0/20       EV: 18    Int:  5    God:    Trog [****..]
Gold:   1773       SH:  0    Dex: 16    Spells: 15/15 levels left

rFire    + + .     SeeInvis .   a - +9 demon trident (elec)
rCold    . . .     Gourm    .   (shield currently unavailable)
rNeg     . . .     Faith    .   Z - +0 fire dragon scales
rPois    +         Spirit   +   (no helmet)
rElec    .         Reflect  .   K - scarf {repulsion}
rCorr    .         Harm     .   s - +2 pair of gloves
MR       +....                  j - +2 pair of boots
Stlth    +.........             M - amulet of guardian spirit
HPRegen  0.29/turn              y - ring of protection from cold
MPRegen  0.17/turn              v - ring of poison resistance

@: lethally poisoned (-5 -> -9), marked, berserk cooldown, very slightly
contaminated, slowed, repel missiles, very slow
A: small, mutation resistance 1
a: Berserk, Trog's Hand, Brothers in Arms, Renounce Religion


You were on level 1 of the Elven Halls.
You worshipped Trog.
Trog was greatly pleased with you.
You were hungry.

You visited 4 branches of the dungeon, and saw 20 of its levels.

You collected 2228 gold pieces.
You spent 455 gold pieces at shops.

Inventory:

Hand Weapons
 a - a +9 demon trident of electrocution (weapon)
 b - the +8 quarterstaff of the Vanishing Allies {crush, *Corrode rF+ Int+7 Stlth+}
   (You found it on level 5 of the Dungeon)

   It inflicts extra damage upon your enemies.
   It affects your intelligence (+7).
   It protects you from fire.
   It may corrode you when you take damage.
   It makes you more stealthy.
 x - a +6 lajatang of slicing
 B - a +0 hunting sling
Missiles
 i - 551 stones
 n - 17 poisoned darts
 o - 152 sling bullets
 p - 5 silver boomerangs
 r - 28 boomerangs (quivered)
 t - a throwing net
 F - 6 atropa-tipped darts
 R - a boomerang of dispersal
Armour
 j - a +2 pair of boots (worn)
 s - a +2 pair of gloves (worn)
 K - a scarf of repulsion (worn)
 Z - +0 fire dragon scales (worn)
Jewellery
 v - a ring of poison resistance (right hand)
 w - an uncursed ring of flight
 y - a ring of protection from cold (left hand)
 G - an uncursed ring of see invisible
 M - an amulet of guardian spirit (around neck)
Wands
 k - a wand of scattershot (6)
 O - a wand of iceblast (13)
 P - a wand of random effects (13)
Scrolls
 m - 5 scrolls of fear
 q - 3 scrolls of teleportation
 u - 2 scrolls of magic mapping
 z - 2 scrolls of blinking
 H - a scroll of vulnerability {unknown}
 I - a scroll of silence {unknown}
 S - 4 scrolls of remove curse
 V - a scroll of holy word {unknown}
 W - 2 scrolls of immolation
 X - a scroll of acquirement {unknown}
 Y - a scroll of brand weapon {unknown}
Potions
 c - 4 potions of curing
 e - 2 potions of ambrosia
 g - 4 potions of might
 A - 2 potions of heal wounds
 D - 6 potions of haste
 E - 2 potions of cancellation
 J - 2 potions of resistance
 L - a potion of mutation {unknown}
 N - a potion of lignification {unknown}
 T - 3 potions of agility
 U - 4 potions of flight
Miscellaneous
 C - a lightning rod (4/4)
 Q - a sack of spiders
Comestibles
 d - 35 rations
 f - 4 chunks of flesh


   Skills:
 - Level 12.0 Fighting
   Level 3.6 Short Blades
 + Level 3.6(10.8) Polearms
 - Level 14.0(14.2) Staves
 - Level 6.0(10.5) Slings
 - Level 9.6(10.0) Throwing
 - Level 8.6 Armour
 - Level 8.6 Dodging
 - Level 4.1 Stealth
 - Level 6.6 Evocations


You had 15 spell levels left.
You didn't know any spells.
Your spell library was empty.

Dungeon Overview and Level Annotations

Branches:
Dungeon (11/15)            Temple (0/1) D:4            Lair (6/6) D:10
 Shoals (0/4) Lair:3        Snake (0/4) Lair:2        Slime (0/5) Lair:5
    Orc (2/2) D:10            Elf (1/3) Orc:2

Altars:
Cheibriados
Elyvilon
Fedhas
Hepliaklqana
Kikubaaqudgha
Nemelex Xobeh
Qazlal
Ru
Sif Muna
Uskayaw
Wu Jian
Xom
Yredelemnul
Zin
Beogh

Shops:
D:6 !   Orc:1 :%%(}   Orc:2 (}*%

Portals:
Pandemonium: Orc:2

Annotations:
Elf:1 Agnes


Innate Abilities, Weirdness & Mutations

You are small and have problems with some larger weapons.
You are somewhat resistant to further mutation.


Message History

Evoke which item? (* to show all) (? for menu, Esc to quit)
Aiming: Iceblast
Press: ? - help, Shift-Dir - straight line, f - fire elemental
Aim: a fire elemental The mass of ice explodes!
The iceblast engulfs the fire elemental!!
The fire elemental is frozen!
You destroy the fire elemental!
Trog accepts your kill.
The iceblast engulfs Agnes!
Agnes is almost dead.
The iceblast engulfs the redback!
The redback is heavily wounded.
The +1 trident of venom hits you from afar.
* * * LOW HITPOINT WARNING * * *
Agnes misses you.
The +1 trident of venom hits you but does no damage.
You are poisoned.
Agnes hits you with a +0 lajatang of protection!
You die...

. ####...
##......#
#@s....e.
#.i.○EE.#######
#..((.°...%#e§
#....e.°..°○.
##.#.eE(.☼s#
##....s.e#
#.E.e)#
##..§<##
##.#.(#


You could see Agnes, a deep elf knight, 4 earth elementals, 3 deep elf magi, 2
redbacks and 3 dancing weapons.

Vanquished Creatures
  Snorg (Lair:4)
  A fire dragon (Lair:6)
  Harold (D:7)
  8 hydras
  A catoblepas (Lair:6)
  9 death yaks (Lair:5)
  A two-headed ogre (D:10)
  3 orc high priests (Orc:2)
  Urug (Orc:1)
  2 soul eaters (Orc:2)
  An unseen horror (D:11)
  A swamp dragon (Lair:6)
  2 infernal demonspawn (Orc:2)
  A torturous demonspawn (Orc:2)
  A deep elf archer (Elf:1)
  A gelid demonspawn (Orc:2)
  3 orc knights (Orc:2)
  A lindwurm (Lair:6)
  10 orc sorcerers
  4 deep elf magi (Elf:1)
  A wolf spider (Lair:6)
  A manticore (Lair:3)
  11 elephants
  11 black mambas
  A guardian serpent (Lair:6)
  14 spiny frogs
  8 komodo dragons
  A hellwing (Orc:2)
  5 rime drakes
  4 trolls
  A polar bear (Lair:4)
  4 hornets
  3 slime creatures (Lair:5)
  16 blink frogs
  7 hippogriffs
  3 redbacks (Lair:6)
  55 yaks
  6 wyverns
  A fire bat (D:5)
  A vampire (D:9)
  3 basilisks
  3 hogs (D:10)
  Grum (D:10)
  A neqoxec (Orc:2)
  A human (D:10)
  A hungry ghost (D:7)
  A fire elemental (Elf:1)
  2 nagas (Lair:2)
  22 water moccasins
  10 porcupines
  2 hell hounds (Lair:6)
  The ghost of Tovarisch the Sneak, an amateur FeBe of Trog (D:3)
  33 orc warriors
  A sky beast (D:6)
  4 swamp drakes (Lair:6)
  2 ice beasts (D:6)
  A black bear (Lair:5)
  5 ogres
  A phantom (D:8)
  9 wolves
  5 centaurs
  12 crocodiles
  2 big kobolds (D:8)
  9 bullfrogs
  4 scorpions
  4 killer bees (D:8)
  7 wights
  An electric eel (Lair:2)
  5 crimson imps
  A bullfrog zombie (D:8)
  4 jellies
  A gnoll shaman (D:9)
  23 orc priests
  2 quasits
  A bullfrog skeleton (D:8)
  3 hounds
  32 orc wizards
  2 centaur skeletons
  4 iguanas
  5 worker ants
  2 worker ant zombies
  9 gnolls
  13 adders
  An ooze (D:3)
  4 adder skeletons
  4 worms
  5 dart slugs
  3 leopard geckos
  98 orcs
  3 ball pythons
  6 giant cockroaches
  7 goblins
  7 hobgoblins
  10 jackals
  6 quokkas
  8 bats
  8 frilled lizards
  11 kobolds
  A leopard gecko skeleton (D:6)
  8 rats
  A butterfly (Lair:6)
653 creatures vanquished.

Vanquished Creatures (collateral kills)
  An orc knight (Orc:2)
  2 yaks (D:9)
  A wolf (D:10)
4 creatures vanquished.

Vanquished Creatures (others)
  An air elemental (Elf:1)
  A wight (D:5)
  15 fungi
  14 plants
31 creatures vanquished.

Grand Total: 688 creatures vanquished

Notes
Turn   | Place    | Note
-------+----------+-------------------------------------------
     0 | D:1      | Fingolfin the Halfling Berserker began the quest for the
                  | Orb.
     0 | D:1      | Reached XP level 1. HP: 15/15 MP: 1/1
    19 | D:1      | Reached XP level 2. HP: 12/21 MP: 2/2
   522 | D:1      | Reached XP level 3. HP: 23/26 MP: 3/3
  1292 | D:2      | Noticed an ogre
  1300 | D:2      | Killed an ogre
  1300 | D:2      | Reached skill level 5 in Fighting
  1300 | D:2      | Reached XP level 4. HP: 35/35 MP: 4/4
  1300 | D:2      | Reached XP level 5. HP: 39/39 MP: 5/5
  1436 | D:2      | Found a hazy altar of Hepliaklqana.
  1437 | D:2      | Found a shimmering altar of Xom.
  1445 | D:2      | Noticed a spectral ugly thing
  1971 | D:2      | Reached ** piety under Trog
  2475 | D:3      | Reached XP level 6. HP: 46/46 MP: 6/6
  2792 | D:3      | Found a faded altar of an unknown god.
  2914 | D:3      | Found an ancient bone altar of Kikubaaqudgha.
  2983 | D:3      | Found a runed translucent door.
  2983 | D:3      | Noticed Tovarisch's ghost (amateur FeBe)
  3057 | D:3      | Killed Tovarisch's ghost
  3057 | D:3      | Reached XP level 7. HP: 52/52 MP: 7/7
  3510 | D:4      | Found a staircase to the Ecumenical Temple.
  4079 | D:5      | Entered Level 5 of the Dungeon
  4106 | D:5      | Reached skill level 1 in Stealth
  4263 | D:5      | Reached *** piety under Trog
  4279 | D:5      | Found a transporter.
  4461 | D:5      | Reached XP level 8. HP: 57/57 MP: 8/8
  4482 | D:5      | Got a warped quarterstaff
  4536 | D:5      | Identified the +8 quarterstaff of the Vanishing Allies
                  | {crush, *Corrode rF+ Int+7 Stlth+} (You found it on level 5
                  | of the Dungeon)
  4555 | D:5      | Reached skill level 1 in Slings
  4729 | D:5      | Found a transporter.
  4731 | D:5      | Noticed a fire bat
  4790 | D:5      | Killed a fire bat
  4790 | D:5      | Reached skill level 5 in Slings
  4943 | D:5      | Found a white marble altar of Elyvilon.
  4948 | D:5      | Reached skill level 1 in Staves
  4951 | D:5      | Found a basalt altar of Yredelemnul.
  4951 | D:5      | Found a hide-covered altar of Uskayaw.
  4962 | D:5      | Found a snail-covered altar of Cheibriados.
  4970 | D:5      | Found a sacrificial altar of Ru.
  5006 | D:6      | Reached skill level 2 in Staves
  5138 | D:6      | Reached skill level 3 in Staves
  5389 | D:6      | Reached **** piety under Trog
  5389 | D:6      | Reached XP level 9. HP: 62/62 MP: 9/9
  5492 | D:6      | Reached skill level 4 in Staves
  5736 | D:6      | Reached skill level 5 in Staves
  6322 | D:6      | Found Erainuuf's Distillery.
  6331 | D:6      | Bought a potion of curing for 39 gold pieces
  6331 | D:6      | Bought a potion of degeneration for 13 gold pieces
  6331 | D:6      | Bought a potion of might for 52 gold pieces
  6331 | D:6      | Bought a potion of haste for 130 gold pieces
  6331 | D:6      | Bought a potion of magic for 104 gold pieces
  6331 | D:6      | Bought a potion of berserk rage for 65 gold pieces
  6331 | D:6      | Bought a potion of might for 52 gold pieces
  6992 | D:7      | Reached skill level 6 in Staves
  7162 | D:7      | Reached skill level 1 in Evocations
  7561 | D:7      | Found a blossoming altar of Fedhas.
  7564 | D:7      | Found a stormy altar of Qazlal.
  7570 | D:7      | Noticed Harold
  7589 | D:7      | Killed Harold
  7589 | D:7      | Reached XP level 10. HP: 68/68 MP: 11/14
  7981 | D:8      | Found a stormy altar of Qazlal.
  8160 | D:8      | Found a blossoming altar of Fedhas.
  8237 | D:8      | Reached ***** piety under Trog
  8237 | D:8      | Received a gift from Trog
  8420 | D:9      | HP: 3/72 [yak (7)]
  8478 | D:9      | Reached skill level 5 in Dodging
  8482 | D:9      | Reached skill level 5 in Armour
  8485 | D:9      | Reached XP level 11. HP: 18/77 MP: 15/15
  9008 | D:9      | Found an ornate altar of the Wu Jian Council.
  9029 | D:9      | Found a glowing silver altar of Zin.
  9033 | D:9      | Found a sparkling altar of Nemelex Xobeh.
  9126 | D:9      | Reached skill level 7 in Staves
  9664 | D:10     | Entered Level 10 of the Dungeon
  9674 | D:10     | Noticed a two-headed ogre
  9678 | D:10     | Noticed Grum
  9893 | D:10     | Reached skill level 8 in Staves
 10015 | D:10     | Killed Grum
 10211 | D:10     | Found a staircase to the Orcish Mines.
 10322 | D:10     | Found a staircase to the Lair.
 10613 | D:10     | Killed a two-headed ogre
 10613 | D:10     | Reached skill level 9 in Staves
 10824 | D:11     | Received a gift from Trog
 10831 | D:11     | Killed an unseen horror
 10837 | D:11     | Reached XP level 12. HP: 67/82 MP: 12/16
 10866 | D:11     | Reached skill level 10 in Staves
 11276 | Lair:1   | Entered Level 1 of the Lair of Beasts
 11282 | Lair:1   | Got an amethyst-encrusted ring mail
 11297 | Lair:1   | Identified the cursed +0 ring mail of Muttered Phrases
                  | {Slay+2 Stlth+} (You found it on level 1 of the Lair of
                  | Beasts)
 11486 | Lair:1   | Noticed a seven-headed hydra
 11491 | Lair:1   | Killed a seven-headed hydra
 12428 | Lair:2   | Noticed an eight-headed hydra
 12447 | Lair:2   | Killed an eight-headed hydra
 12892 | Lair:2   | Found a staircase to the Snake Pit.
 13099 | Lair:2   | Found a shimmering blue altar of Sif Muna.
 13385 | Lair:3   | Reached skill level 11 in Staves
 13408 | Lair:3   | Reached XP level 13. HP: 48/88 MP: 10/17
 13460 | Lair:3   | Found a staircase to the Shoals.
 13475 | Lair:3   | HP: 4/88 [manticore (7)]
 13668 | Lair:2   | Noticed a six-headed hydra
 13683 | Lair:2   | Killed a six-headed hydra
 13915 | Lair:3   | Noticed a six-headed hydra
 13925 | Lair:3   | Killed a six-headed hydra
 13925 | Lair:3   | Reached skill level 12 in Staves
 13984 | Lair:3   | Noticed a seven-headed hydra
 14001 | Lair:3   | Killed a seven-headed hydra
 14593 | Lair:4   | Noticed Snorg
 14976 | Lair:4   | Killed Snorg
 15034 | Lair:4   | Reached skill level 13 in Staves
 15868 | Lair:4   | Received a gift from Trog
 16172 | Lair:5   | Reached XP level 14. HP: 84/94 MP: 15/18
 16180 | Lair:5   | Found a staircase to the Slime Pits.
 16203 | Lair:5   | Reached skill level 14 in Staves
 16780 | Lair:6   | Entered Level 6 of the Lair of Beasts
 16789 | Lair:6   | Reached skill level 10 in Fighting
 17483 | Lair:6   | Reached skill level 1 in Throwing
 17496 | Lair:6   | Reached XP level 15. HP: 72/108 MP: 7/19
 17568 | Lair:6   | Received a gift from Trog
 17842 | Lair:6   | Reached skill level 5 in Throwing
 18043 | Lair:6   | Got a polished ring mail
 18054 | Lair:6   | Identified the +5 ring mail of the Hunter {-Tele +Fly
                  | rPois} (You found it on level 6 of the Lair of Beasts)
 18733 | Orc:1    | Entered Level 1 of the Orcish Mines
 18763 | Orc:1    | Found Gucor's Antique Weapon Emporium.
 18776 | Orc:1    | Received a gift from Trog
 18791 | Orc:1    | Found Lics's Food Shoppe.
 18958 | Orc:1    | Found Raufept's Food Shoppe.
 18965 | Orc:1    | Noticed Urug
 18970 | Orc:1    | Killed Urug
 19109 | Orc:1    | Found Zalej's Gadget Shoppe.
 19213 | Orc:1    | Found Nomiwk's Book Shop.
 19367 | Orc:2    | Entered Level 2 of the Orcish Mines
 19421 | Orc:2    | Found a staircase to the Elven Halls.
 19654 | Orc:2    | Found a roughly hewn altar of Beogh.
 19943 | Orc:2    | Found Okiodelik's General Store.
 20002 | Orc:2    | Received a gift from Trog
 20007 | Orc:2    | Found Jeageiw's Food Boutique.
 20525 | Orc:2    | Reached skill level 1 in Polearms
 20546 | Orc:2    | Found Wotoschi's Gadget Shoppe.
 20546 | Orc:2    | Found a one-way gate leading to the halls of Pandemonium.
 20546 | Orc:2    | Found Bozoatag's Antique Weapon Emporium.
 20708 | Elf:1    | Entered Level 1 of the Elven Halls
 20720 | Elf:1    | Reached XP level 16. HP: 114/114 MP: 18/20
 20730 | Elf:1    | Noticed Agnes
 20744 | Elf:1    | Noticed a deep elf sorcerer
 20748 | Elf:1    | Slain by Agnes

Levels and vault maps discovered:
D:1:      onia_arrival_mini_maze_b, layout_basic
D:2:      cheibrodos_old_hovel, layout_basic, regret_index_temple_of_mockery
D:3:      layout_rooms, lemuel_crystal_altar, gammafunk_ghost_grave,
          chequers_ecumenical_altar_twisty, first_ration,
          kennysheep_generic_room_9
D:4:      layout_loops_ring, minmay_temple_entry_sparse_star
D:5:      gammafunk_cloud_chamber, layout_rooms, minmay_overflow_temple_star_hex
D:6:      layout_gridville, serial_shops, nicolae_shop_crystal, minivault_23
D:7:      layout_loops_ring, grunt_temple_overflow_forces_of_nature, uniq_harold
D:8:      lemuel_ice_spiral_2, layout_rooms, basic_altar, fedhas_altar_4
D:9:      layout_basic, lemuel_doored_altar, minitemple
D:10:     layout_stronghold, lair_entry_dummy, david_orc_4, grunt_livestock,
          kennysheep_generic_room_15, uniq_grum
D:11:     layout_basic
Lair:1:   layout_roguey, minivault_25
Lair:2:   layout_chaotic_city, guppyfry_snake_entry_island, basic_altar,
          serial_bayou_ford_a
Lair:3:   layout_regular_city, minmay_shoals_entry_beasts
Lair:4:   layout_regular_city, infiniplex_staircase_pool_2, uniq_snorg
Lair:5:   layout_loops_ring, minmay_slime_entry_pillars, serial_bayou_pond_b
Lair:6:   hangedman_lair_tendril_chambers, layout_regular_city,
          guppyfry_lair_end_dragon, enter_volcano_3, lemuel_fruit_fields
Orc:1:    layout_caves, serial_shops, shop, shop_fountains, shop,
          nicolae_shop_waterfront, nicolae_shop_crystal, uniq_urug
Orc:2:    pf_orc_diabolical, layout_caves, basic_altar
Elf:1:    layout_rooms, minivault_28, corner_web_ring, uniq_agnes

Skill      XL: |  1  2  3  4  5  6  7  8  9 10 11 12 13 14 15 |
---------------+----------------------------------------------+-----
Fighting       | 3 5 6 8 12 | 12.0
Armour         | 3 4 5 6 8 |  8.6
Dodging        | 3 4 5 6 8 |  8.6
Stealth        | 3 4 |  4.1
Slings         | 6 |  6.0
Staves         | 3 6 9 11 13 14 | 14.0
Evocations     | 6 |  6.6
Throwing       | 2 9 |  9.6
Polearms       | 3 |  3.6
Short Blades   | |  3.6

Action                   |  1- 3 |  4- 6 |  7- 9 | 10-12 | 13-15 | 16-18 || total
-------------------------+-------+-------+-------+-------+-------+-------++-------
Melee: Short sword       |    63 |   189 |   130 |       |       |       ||   382
       Quarterstaff      |       |       |    77 |    62 |    87 |       ||   226
       Dagger            |       |       |   327 |    47 |       |       ||   374
       Lajatang          |       |       |       |   430 |   954 |       ||  1384
       Demon trident     |       |       |       |       |    39 |    15 ||    54
 Fire: Hunting sling     |       |     5 |       |       |    12 |       ||    17
Invok: Berserk           |     2 |     5 |     7 |    11 |    19 |       ||    44
       Brothers in Arms  |       |       |       |     2 |     3 |       ||     5
       Trog's Hand       |       |       |       |       |     7 |       ||     7
Evoke: Wand              |       |       |     2 |     5 |     2 |     3 ||    12
  Use: Scroll            |       |     3 |     9 |     2 |    16 |     2 ||    32
       Potion            |       |       |       |       |       |     4 ||     4
 Stab: Sleeping          |     3 |       |       |       |     4 |       ||     7
       Distracted        |       |       |       |       |     1 |       ||     1
  Eat: Chunk             |     1 |     8 |    23 |    24 |    38 |       ||    94
       Ration            |       |     1 |       |     2 |     2 |       ||     5
Armor: Animal skin       |     6 |       |       |       |       |       ||     6
       Chain mail        |       |    81 |   164 |   185 |    47 |       ||   477
       Troll leather arm |       |       |       |       |   104 |       ||   104
       Fire dragon scale |       |       |       |       |   128 |    14 ||   142
Dodge: Dodged            |    34 |    79 |   262 |   306 |   782 |    30 ||  1493
       Deflected         |       |       |    15 |     7 |    14 |     1 ||    37

Table legend:
 A = Non-vault XP
 B = Vault XP
 C = Vault XP percentage of total XP
 D = Non-vault monster count
 E = Vault monster count
 F = Vault count percentage of total count
                 A         B        C        D         E       F
            +---------+---------+-------+---------+---------+-------
      Total |   71864 |   37851 |  34.5 |     503 |     153 |  23.3
            +---------+---------+-------+---------+---------+-------
        D:1 |      48 |       0 |   0.0 |      19 |       0 |   0.0
        D:2 |     181 |       4 |   2.2 |      26 |       1 |   3.7
        D:3 |     194 |     137 |  41.4 |      31 |       1 |   3.1
        D:4 |     140 |       0 |   0.0 |      11 |       0 |   0.0
        D:5 |     756 |     205 |  21.3 |      32 |       1 |   3.0
        D:6 |    1377 |       0 |   0.0 |      32 |       0 |   0.0
        D:7 |     830 |    1039 |  55.6 |      21 |       1 |   4.5
        D:8 |     969 |       0 |   0.0 |      21 |       0 |   0.0
        D:9 |    4655 |       0 |   0.0 |      46 |       0 |   0.0
       D:10 |    1672 |    2124 |  56.0 |      15 |      26 |  63.4
       D:11 |    3679 |       0 |   0.0 |      21 |       0 |   0.0
     Lair:1 |    2298 |       0 |   0.0 |       9 |       0 |   0.0
     Lair:2 |    5327 |     317 |   5.6 |      17 |       2 |  10.5
     Lair:3 |    6051 |     595 |   9.0 |      21 |       2 |   8.7
     Lair:4 |    6249 |    1525 |  19.6 |      26 |       2 |   7.1
     Lair:5 |   13814 |    1382 |   9.1 |      27 |       6 |  18.2
     Lair:6 |   16082 |   13406 |  45.5 |      51 |      50 |  49.5
      Orc:1 |    2565 |     847 |  24.8 |      47 |       1 |   2.1
      Orc:2 |    1926 |   16270 |  89.4 |      24 |      60 |  71.4
      Elf:1 |    3051 |       0 |   0.0 |       6 |       0 |   0.0
            +---------+---------+-------+---------+---------+-------
